 Dungeon Crawl Stone Soup version 0.31.0-12-g77e489cdc1 (webtiles) character file.

Game seed: 12538393390820856044

123 gohu the Digger (level 5, -13/45 HPs)
             Began as a Gargoyle Earth Elementalist on Mar 3, 2024.
             Blown up by Ijyb (17 damage)
             ... with a mindburst bolt
             ... on level 3 of the Dungeon.
             The game lasted 00:07:01 (3065 turns).

gohu the Digger (Gargoyle Earth Elementalist)       Turns: 3065, Time: 00:07:02

Health: -13/45     AC: 22    Str: 11    XL:     5   Next: 7%
Magic:  7/8        EV:  2    Int: 18    God:
Gold:   107        SH:  3    Dex: 10    Spells: 8/9 levels left

rFire   . . .        s - +0 dagger (venom)
rCold   . . .        n - +0 buckler
rNeg    + . .        a - melded +0 robe
rPois   ∞            (helmet currently unavailable)
rElec   .            o - melded scarf {+Inv}
rCorr   .            (gloves currently unavailable)
SInv    .            (boots currently unavailable)
Will    .....        (no amulet)
Stlth   ++           (no ring)
HPRegen 0.27/turn    (no ring)
MPRegen 0.11/turn

%: no passive effects
@: tree-form
A: stationary, stasis, torment immunity, boosted hp, sickness immunity, AC +4,
negative energy resistance 1, (electricity resistance), torment resistance 1,
petrification resistance
a: no special abilities


You were on level 3 of the Dungeon.
You were a tree.
You visited 1 branch of the dungeon, and saw 3 of its levels.

You collected 107 gold pieces.

Inventory:

Hand Weapons
 s - a +0 dagger of venom (weapon)
Missiles
 c - a poisoned dart
Armour
 a - a +0 robe (melded)
 m - +0 fire dragon scales
 n - a +0 buckler (worn)
 o - a scarf of invisibility (melded)
Wands
 r - a wand of digging (4)
Scrolls
 f - a scroll of acquirement {unknown}
 g - 3 scrolls of teleportation {unknown}
 i - a scroll of poison {unknown}
 j - 2 scrolls of immolation {unknown}
 k - 2 scrolls of enchant armour {unknown}
 l - 3 scrolls of identify {unknown}
 p - a scroll of enchant weapon {unknown}
Potions
 b - 2 potions of magic
 d - 2 potions of heal wounds {unknown}
 e - a potion of attraction {unknown}
 h - 2 potions of curing {unknown}
 q - 2 potions of lignification


   Skills:
 + Level 1.9 Fighting
 - Level 1.5 Dodging
 - Level 2.1 Stealth
 + Level 0.5 Shields
 + Level 2.6 Spellcasting
 + Level 2.3 Conjurations
 * Level 5.1 Earth Magic


You had 8 spell levels left.
You knew the following spells:

 Your Spells              Type           Power      Damage    Failure   Level
a - Sandblast             Erth           40%        2d10      3%          1

Your spell library contained the following spells:

 Spells                   Type           Power      Damage    Failure   Level
 Passwall                 Erth           20%        N/A       9%          3
 Stone Arrow              Conj/Erth      30%        3d8       16%         3
 Brom's Barrelling Bould  Conj/Erth      15%        2d4       47%         4
 Call Canine Familiar     Summ           2%         N/A       58%         3
 Fugue of the Fallen      Necr           2%         N/A       58%         3
 Ozocubu's Armour         Ice            2%         N/A       58%         3
 Sigil of Binding         Hex            2%         N/A       58%         3
 Petrify                  Alch/Erth      11%        N/A       65%         4
 Dimensional Bullseye     Hex/Tloc       1%         N/A       94%         4
 Manifold Assault         Tloc           2%         N/A       94%         4


Dungeon Overview and Level Annotations

Branches:
Dungeon (3/15)

Altars:

Annotations:
D:3 Ijyb


Innate Abilities, Weirdness & Mutations

You are a tree.
Your roots penetrate the ground, keeping you stationary.
You cannot be teleported.
You are immune to unholy pain and torment.
Your maximum health is greatly increased.
Your equipment is partially melded.
You are immune to sickness and miasma.
((Your stone body is resilient. (AC +4)))
You are immune to poison.
You resist negative energy. (rN+)
((You are resistant to electric shocks. (rElec)))
You are resistant to unholy torment.
You are immune to petrification.


Message History

You see here a +0 scale mail.
Ijyb the Twisted Goblin comes into view.
She is wielding a +0 dagger and carrying a wand of mindburst.
Throw: 6 darts (poison)
Press: ? - help, Shift-Dir - straight line, f - Ijyb
Aim: Ijyb, wielding a +0 dagger, wearing a +0 leather armour and carrying a wand of mindburst (asleep, 98% to hit)
You throw a poisoned dart. The poisoned dart hits Ijyb.
Throw: 5 darts (poison)
Press: ? - help, Shift-Dir - straight line, f/p - Ijyb
Aim: Ijyb, wielding a +0 dagger, wearing a +0 leather armour and carrying a wand of mindburst (40% to hit)
You throw a poisoned dart. The poisoned dart hits Ijyb.
Ijyb zaps a wand.
Your mind is blasted!
Throw: 4 darts (poison)
Press: ? - help, Shift-Dir - straight line, f/p - Ijyb
Aim: Ijyb, wielding a +0 dagger, wearing a +0 leather armour and carrying a wand of mindburst (40% to hit)
You throw a poisoned dart. The poisoned dart hits Ijyb.
Ijyb is poisoned.
Throw: 3 darts (poison)
Press: ? - help, Shift-Dir - straight line, f/p - Ijyb
Aim: Ijyb, wielding a +0 dagger, wearing a +0 leather armour and carrying a wand of mindburst (poisoned, 40% to hit)
You throw a poisoned dart. The poisoned dart closely misses Ijyb.
Throw: 2 darts (poison)
Press: ? - help, Shift-Dir - straight line, f/p - Ijyb
Aim: Ijyb, wielding a +0 dagger, wearing a +0 leather armour and carrying a wand of mindburst (lightly wounded, poisoned, 40% to hit)
You throw a poisoned dart. The poisoned dart hits Ijyb.
Ijyb looks even sicker.
Ijyb is lightly wounded.
Ijyb zaps a wand.
Your mind is blasted!
Casting: Sandblast (safe; 3% risk of failure)
Confirm with . or Enter, or press ? or * to list all spells.
Aiming: Sandblast (safe; 3% risk of failure)
Press: ? - help, Shift-Dir - straight line, f/p - Ijyb
Aim: Ijyb, wielding a +0 dagger, wearing a +0 leather armour and carrying a wand of mindburst (lightly wounded, very poisoned, 79% to hit)
The blast of sand hits Ijyb but does no damage.
Ijyb is lightly wounded.
Ijyb screams, "I no like you!"
Ijyb zaps a wand.
Your mind is blasted!
* * * LOW HITPOINT WARNING * * *
It was a potion of lignification.
You turn into a tree.
Your scarf of invisibility melds into your body.
Your +0 robe melds into your body.
Your roots penetrate the ground.
Ijyb zaps a wand.
Your mind is blasted!
You die...

##### #.#####..#####
....... #.##..........
.......## #.##.#...#...#
......... ..##..###.....
.....?..#######.#.#.....
........#...[...##'..)..
........#.###..#...#####
((.(g...#.#........#..)#
#♣#.#.#####.†'...#
#.#.#.##.....#...#
#.#.#....#...#####
#.#.#.#...##'....)
#...#.#...#)#.#...
#####.##..###.....
#.##.#...#...#
#.............
##############


You could see Ijyb (very poisoned).

Vanquished Creatures
  3 adders
  A dart slug (D:3)
  2 ribbon worms (D:3)
  7 orcs
  7 ball pythons
  10 endoplasms
  5 giant cockroaches
  6 goblins
  5 hobgoblins
  9 jackals
  3 kobolds
  3 quokkas
  4 bats
  2 frilled lizards
  5 rats
72 creatures vanquished.

Notes
Turn   | Place    | Note
-------+----------+-------------------------------------------
     0 | D:1      | gohu the Gargoyle Earth Elementalist began the quest for
                  | the Orb.
     0 | D:1      | Reached XP level 1. HP: 10/10 MP: 3/3
   212 | D:1      | Found a faded altar of an unknown god.
   217 | D:1      | Reached XP level 2. HP: 16/16 MP: 1/5
   298 | D:1      | Reached skill level 4 in Earth Magic
   659 | D:1      | Reached skill level 1 in Fighting
   666 | D:1      | Reached XP level 3. HP: 20/20 MP: 2/6
  1731 | D:2      | Reached XP level 4. HP: 22/25 MP: 0/7
  2806 | D:3      | Reached skill level 5 in Earth Magic
  2831 | D:3      | Reached XP level 5. HP: 30/30 MP: 0/8
  3058 | D:3      | Noticed Ijyb
  3065 | D:3      | Blown up by Ijyb

Illustrated notes

Levels and vault maps discovered:
D:1:      minmay_arrival_jagged, layout_basic, basic_ecumenical_altar,
          minmay_hedge_maze
D:2:      layout_basic
D:3:      layout_basic, minmay_fractal_squares_diagonal_5, uniq_ijyb

Skill      XL: |  1  2  3  4 |
---------------+-------------+-----
Earth Magic    | 4 5 |  5.1
Fighting       | 1 |  1.9
Conjurations   | 2 |  2.3
Dodging        | |  1.5
Stealth        | |  2.1
Shields        | |  0.5
Spellcasting   | |  2.6

Action                     |  1- 3 |  4- 6 || total
---------------------------+-------+-------++-------
  Melee: Unarmed           |       |    16 ||    16
  Throw: Dart              |       |     7 ||     7
   Cast: Sandblast         |    56 |    61 ||   117
    Use: Potion            |       |     1 ||     1
 Armour: Robe              |    14 |    42 ||    56
  Dodge: Dodged            |    12 |    51 ||    63
  Block: Buckler           |       |     6 ||     6
